AoeStats
← Rodrigo Lao Tse

Arena

508263824Analyzed
1v1 RM · 11d ago on Sep 21, 2026· 38m 11s· 2 players
Game mode
Random Map
Map size
Tiny (2 player)
Population
200
Speed
Normal
Resources
Standard
Victory
Conquest
Starting age
Dark Age
Ending age
Imperial Age
RankedLock teamsTeams togetherTeam positionsShared explorationLock speedFull tech treeHidden civsTurbo modeCheats
Victory
Defeat
🇹🇷 Celts · Türkiye
839
+17
🇨🇱 Maya · Chile
861
-32
prefs
0:27 Loom
11:05 Feudal Age
11:36 Double-Bit Axe
16:38 Castle Age
15:22 Stone Mining
26:23 Scale Mail Armor
27:05 Wheelbarrow
29:06 Stronghold
30:38 Gold Mining
34:54 Imperial Age
32:56 Chain Mail Armor
33:21 Bow Saw
35:19 Hand Cart
35:51 Capped Ram
37:54 Plate Mail Armor
Rodrigo Lao Tse
0:27 Loom
9:59 Feudal Age
14:06 Fletching
15:02 Double-Bit Axe
27:42 Castle Age
26:20 Gold Mining
27:51 Wheelbarrow
27:02 Town Watch
27:00 Horse Collar
27:22 Stone Mining
28:09 Crossbowman
28:56 Thumb Ring
30:37 Pikeman
35:29 Arson
35:48 Squires
36:39 Hand Cart
Connection lost

Rejoining the realm…

Still unreachable

The connection could not be restored.

Session expired

The server has moved on; the page needs a fresh start.